 Dungeon Crawl Stone Soup version 0.29-a0-559-g359e09b9d1 (webtiles) character file.

Game seed: 2356636558144935975

5080 dohliylev the Grappler (level 10, -10/98 HPs)
             Began as a Troll Warper on June 11, 2022.
             Mangled by a death yak (15 damage)
             ... on level 9 of the Dungeon.
             The game lasted 00:17:10 (5022 turns).

dohliylev the Grappler (Troll Warper)               Turns: 5022, Time: 00:17:10

Health: -10/98     AC:  7    Str: 25    XL:     10   Next: 31%
Magic:  11/12      EV: 12    Int:  9    God:
Gold:   334        SH:  5    Dex: 15    Spells: 11/13 levels left

rFire   . . .      SeeInvis +     - Unarmed
rCold   + . .      Faith    .   (no shield)
rNeg    . . .      Spirit   .   p - +2 robe {rC+}
rPois   .          Reflect  +   (helmet restricted)
rElec   .          Harm     .   x - +0 cloak
rCorr   .          Rampage  .   (gloves unavailable)
Will    .....                   (boots unavailable)
Stlth   +.........              i - amulet of reflection
HPRegen 1.06/turn               z - +6 ring of dexterity
MPRegen 0.13/turn               v - ring of see invisible

@: about to teleport, attractive
A: large, unfitting armour, claws 3, regeneration 1, shaggy fur 1, tough skin 1
a: no special abilities


You were on level 9 of the Dungeon.
You visited 1 branch of the dungeon, and saw 11 of its levels.

You collected 334 gold pieces.

Inventory:

Armour
 p - a +2 robe of cold resistance (worn)
 x - a +0 cloak (worn)
 I - a +0 robe of resistance
Jewellery
 i - an amulet of reflection (around neck)
 v - a ring of see invisible (right claw)
 z - a +6 ring of dexterity (left claw)
Wands
 a - a wand of iceblast (4)
 G - a wand of flame (8)
Scrolls
 b - 4 scrolls of blinking
 g - 7 scrolls of identify
 h - a scroll of acquirement {unknown}
 l - 2 scrolls of enchant weapon
 m - a scroll of noise
 n - 3 scrolls of fog
 q - 3 scrolls of teleportation
 u - a scroll of fear {unknown}
 w - a scroll of vulnerability {unknown}
 y - a scroll of enchant armour {unknown}
 A - a scroll of immolation {unknown}
 E - a scroll of poison {unknown}
 H - 2 scrolls of amnesia {unknown}
Potions
 c - a potion of magic {unknown}
 d - 2 potions of haste {unknown}
 e - 3 potions of invisibility {unknown}
 f - 2 potions of curing {unknown}
 j - 2 potions of lignification {unknown}
 k - 3 potions of heal wounds {unknown}
 o - a potion of mutation {unknown}
 r - a potion of might {unknown}
 s - 2 potions of brilliance {unknown}
 t - a potion of ambrosia {unknown}
 B - a potion of flight {unknown}
 D - 2 potions of attraction
 F - 2 potions of degeneration {unknown}


   Skills:
 * Level 5.9 Fighting
 + Level 5.8 Throwing
 + Level 5.3 Dodging
 - Level 0.4 Shields
 + Level 9.9 Unarmed Combat
 + Level 2.2 Spellcasting
 + Level 3.1 Translocations


You had 11 spell levels left.
You knew the following spells:

 Your Spells              Type           Power      Damage    Failure   Level
a - Blink                 Tloc           12%        N/A       14%         2

Your spell library contained the following spells:

 Spells                   Type           Power      Damage    Failure   Level
 Gell's Gravitas          Tloc           6%         N/A       26%         3
 Lesser Beckoning         Tloc           6%         N/A       26%         3
 Teleport Other           Tloc           6%         N/A       26%         3
 Summon Small Mammal      Summ           4%         N/A       32%         1
 Ensorcelled Hibernation  Hex/Ice        2%         N/A       45%         2
 Portal Projectile        Hex/Tloc       6%         N/A       45%         3
 Call Canine Familiar     Summ           1%         N/A       69%         3
 Dazzling Flash           Conj/Hex       2%         N/A       69%         3
 Spider Form              Tmut/Pois      1%         N/A       69%         3
 Summon Guardian Golem    Hex/Summ       1%         N/A       69%         3
 Iskenderun's Mystic Bla  Conj/Tloc      3%         2d3       86%         4
 Manifold Assault         Tloc           6%         N/A       94%         5
 Anguish                  Hex/Necr       0%         N/A       97%         4
 Leda's Liquefaction      Hex/Erth       0%         N/A       97%         4
 Starburst                Conj/Fire      0%         6d3       100%        6


Dungeon Overview and Level Annotations

Branches:
Dungeon (11/15)
 Temple: D:4-7         Lair: D:8-11         Orc: D:9-12

Altars:
Qazlal

Shops:
D:1 !*![*   D:5 *


Innate Abilities, Weirdness & Mutations

You are too large for most types of armour.
You have claws for hands.
Your natural rate of healing is unusually fast.
You are covered in fur. (AC +1)
You have tough skin. (AC +1)


Message History

Items here: (( ))) [ ††.
The death yak snorts and paws the ground.
The yak snorts and paws the ground.
The death yak attacks as you move away! The death yak gores you!!
The death yak attacks as you move away! The death yak gores you!
* * * LOW HITPOINT WARNING * * *
The death yak attacks as you move away! The death yak gores you.
* * * LOW HITPOINT WARNING * * *
Casting: Blink (safe; 14% risk of failure)
Confirm with . or Enter, or press ? or * to list all spells.
You blink.
You scratch the yak.
The yak is lightly wounded.
The yak misses you. The yak gores you.
* * * LOW HITPOINT WARNING * * *
You mangle the yak!!
The yak is heavily wounded.
The yak misses you.
As you read the scroll labelled FOFIOM CU COG, it crumbles to dust.
It is a scroll of identify.
l - 2 scrolls of enchant weapon The yak closely misses you.
Blink to where?
Press: ? - help, Dir - move target
Okay, then.
As you read the scroll of identify, it crumbles to dust.
n - 3 scrolls of fog The yak barely misses you.
The death yak gores you!
* * * LOW HITPOINT WARNING * * *
As you read the scroll labelled KAVYIL YXEE, it crumbles to dust.
You hear a loud clanging noise!
It was a scroll of noise.
As you read the scroll labelled ELANLAIRGHO, it crumbles to dust.
You feel strangely unstable.
It was a scroll of teleportation.
The yak gores you!
* * * LOW HITPOINT WARNING * * *
It was a potion of attraction.
You feel attractive to monsters.
You feel stable enough to blink again. You block the yak's attack.
The death yak gores you!
You die...

>..##############
Y.YYYYKYY#..[...#
...#####.#Y####.#
########Y#.# #.#
#..YKY.# #.#
#.##.#K# #.#
#K.#... #Y#
#K.######Y##


#..KKKoKYY@# #.########## #. ## You could see a death yak, 3 yaks, a kobold
brigand, an orc wizard (invisible) and 3 kobolds.

Vanquished Creatures
  2 death yaks (D:9)
  Pikel (D:8)
  2 shadows (D:11)
  5 yaks (D:11)
  Eustachio (D:5)
  3 vampire mosquitoes (D:11)
  An orc warrior (D:6)
  An ice beast (D:9)
  2 centaurs
  An ogre (D:6)
  A lemure (D:8)
  A phantom (D:4)
  2 scorpions
  2 bullfrogs
  5 wights (D:6)
  3 howler monkeys
  3 jellies
  4 orc priests
  4 hounds
  2 gnoll shamans
  4 iguanas
  4 orc wizards
  10 gnolls
  8 adders
  A shadow imp (D:5)
  An ufetubus (D:3)
  A dart slug (D:1)
  20 orcs
  10 ball pythons
  6 bats
  10 endoplasms
  2 giant cockroaches
  7 goblins
  6 hobgoblins
  2 quokkas
  A frilled lizard (D:2)
  11 kobolds
  3 rats
153 creatures vanquished.

Vanquished Creatures (others)
  A demonic plant (D:2)
  2 fungi (D:2)
  2 plants (D:2)
  A withered plant (D:2)
6 creatures vanquished.

Grand Total: 159 creatures vanquished

Notes
Turn   | Place    | Note
-------+----------+-------------------------------------------
     0 | D:1      | dohliylev the Troll Warper began the quest for the Orb.
     0 | D:1      | Reached XP level 1. HP: 19/19 MP: 1/1
    64 | D:1      | Reached XP level 2. HP: 27/27 MP: 3/3
   125 | D:1      | Found Etamni's General Store.
   133 | D:1      | Found Guoklestyu's Distillery.
   262 | D:1      | Found Kerhugagra's Armour Boutique.
   272 | D:1      | Found Ezynar's General Store.
   508 | D:1      | Found Jetzum's Distillery.
   546 | D:2      | Reached XP level 3. HP: 25/35 MP: 4/4
   622 | D:2      | Found a faded altar of an unknown god.
  1064 | D:3      | Found a stormy altar of Qazlal.
  1227 | D:3      | Reached skill level 1 in Throwing
  1227 | D:3      | Reached XP level 4. HP: 41/42 MP: 5/5
  1747 | D:4      | Reached skill level 3 in Unarmed Combat
  1896 | D:4      | Reached XP level 5. HP: 47/49 MP: 6/6
  2277 | D:4      | Noticed a phantom
  2289 | D:4      | Killed a phantom
  2290 | D:4      | Reached skill level 4 in Unarmed Combat
  2290 | D:4      | Reached XP level 6. HP: 51/59 MP: 7/7
  2361 | D:5      | Entered Level 5 of the Dungeon
  2490 | D:5      | Noticed Eustachio
  2514 | D:5      | Killed Eustachio
  2515 | D:5      | Reached skill level 5 in Unarmed Combat
  2515 | D:5      | Reached XP level 7. HP: 48/67 MP: 8/8
  2858 | D:5      | Found Luwaw's Assorted Antiques.
  3245 | D:6      | Learned a level 2 spell: Blink
  3387 | D:6      | Reached skill level 6 in Unarmed Combat
  3387 | D:6      | Reached XP level 8. HP: 53/76 MP: 7/9
  3593 | D:6      | Noticed a hornet
  3713 | D:7      | Noticed a two-headed ogre
  3751 | D:6      | Paralysed by a hornet for 2 turns
  3866 | D:9      | Reached skill level 5 in Throwing
  4282 | D:8      | Noticed Pikel
  4296 | D:8      | Killed Pikel
  4297 | D:8      | Reached skill level 7 in Unarmed Combat
  4297 | D:8      | Reached XP level 9. HP: 79/85 MP: 11/11
  4527 | D:8      | You fall into a shaft and drop 2 floors!
  4527 | D:10     | Entered Level 10 of the Dungeon
  4575 | D:10     | Noticed a two-headed ogre
  4675 | D:11     | Reached skill level 5 in Fighting
  4693 | D:11     | Reached skill level 8 in Unarmed Combat
  4844 | D:11     | Reached skill level 9 in Unarmed Combat
  4844 | D:11     | Reached XP level 10. HP: 54/96 MP: 12/12
  4914 | D:9      | Noticed a death yak
  4930 | D:9      | Noticed a death yak
  4934 | D:9      | Noticed a death yak
  4942 | D:9      | Killed a death yak
  4943 | D:9      | Reached skill level 5 in Dodging
  4999 | D:9      | Killed a death yak
  5021 | D:9      | HP: 4/98 [yak (9)]
  5022 | D:9      | Mangled by a death yak

Illustrated notes

Levels and vault maps discovered:
D:1:      dpeg_arrival_radiant, layout_rooms, serial_shops,
          nicolae_shop_hallway_plus, nicolae_shop_trees, shop, shop, shop,
          st_stairs_14
D:2:      layout_basic, shapermc_ecumenical_altar_gd, minmay_fountain_box
D:3:      minmay_wonky_spiral, layout_loops_ring, grunt_qazlal_sundering
D:4:      layout_basic
D:5:      layout_basic, serial_shops, nicolae_shop_hallway_stairs,
          uniq_eustachio
D:6:      layout_cave_pools, grunt_potential
D:7:      layout_cave_pools, minmay_temple_entry_poolview, uniq_menkaure
D:8:      layout_cave_pools, serial_co_window_serial, co_window_cross_1,
          co_window_paths_b, co_window_paths_b, co_window_of_opportunity_a,
          co_window_paths_a, co_window_of_opportunity_a, co_window_paths_a,
          co_window_of_opportunity_b, co_window_cross_3, co_window_paths_c,
          co_window_paths_e, co_window_paths_d, glass_columns_b,
          glass_columns_b, glass_columns_c, glass_columns_b, uniq_pikel
D:9:      nzn_winding_woodlands_stair_cross
          [nzn_winding_woodlands_5x15_lazy_stream,
          nzn_winding_woodlands_center_diamonds,
          nzn_winding_woodlands_5x15_split_checker,
          nzn_winding_woodlands_5x5_default,
          nzn_winding_woodlands_5x5_open_star,
          nzn_winding_woodlands_5x15_concentric,
          nzn_winding_woodlands_center_triple_pond,
          nzn_winding_woodlands_5x15_garden], layout_basic, dpeg_lair_monsters,
          minmay_orc_entry_guard_dogs, kennysheep_generic_room_15
D:10:     layout_grid_maze, uniq_erolcha, uniq_fannar
D:11:     layout_roguey, nicolae_trove_entry_path_of_doom, minmay_orc_keep

Skill      XL: |  1  2  3  4  5  6  7  8  9 10 |
---------------+-------------------------------+-----
Dodging        | 2 3 4 5 |  5.3
Fighting       | 2 3 4 5 |  5.9
Throwing       | 1 2 3 5 |  5.8
Unarmed Combat | 3 4 5 6 7 9 |  9.9
Spellcasting   | 2 |  2.2
Translocations | 3 |  3.1
Shields        | |  0.4

Action                   |  1- 3 |  4- 6 |  7- 9 | 10-12 || total
-------------------------+-------+-------+-------+-------++-------
Melee: Unarmed           |   115 |    87 |   213 |    58 ||   473
       Punch             |     1 |     2 |     7 |     1 ||    11
Throw: Boomerang         |     3 |    18 |    77 |       ||    98
       Dart              |       |     4 |     4 |       ||     8
       Large rock        |       |       |     4 |       ||     4
 Cast: Blink             |       |       |     8 |     2 ||    10
  Use: Scroll            |       |       |       |     4 ||     4
       Potion            |       |       |       |     1 ||     1
 Stab: Sleeping          |       |     1 |       |       ||     1
Armor: Robe              |    40 |    34 |    35 |    10 ||   119
Dodge: Dodged            |    53 |    40 |    86 |    34 ||   213
Block: Other             |     9 |    22 |    35 |    13 ||    79
       Reflection        |     1 |     1 |     1 |       ||     3

Table legend: (Time is in decaauts)
 A = Elapsed time spent in this place.
 B = Non-inter-level travel time spent in this place.
 C = Inter-level travel time spent in this place.
 D = Time resting spent in this place.
 E = Time spent auto-exploring this place.
 F = Levels seen in this place.
 G = Mean time per level.
                   A        B        C        D        E       F      G
               +--------+--------+--------+--------+--------+-----+--------+
         Total |   4990 |   4877 |    113 |    590 |   2847 |  11 |  453.6 |
       Dungeon |   4990 |   4877 |    113 |    590 |   2847 |  11 |  453.6 |
               +--------+--------+--------+--------+--------+-----+--------+

Top non-repeatable levels by time:
     D:5: 850 daAuts
     D:3: 702 daAuts
     D:4: 625 daAuts
     D:8: 616 daAuts
     D:1: 533 daAuts
     D:2: 493 daAuts
     D:6: 442 daAuts
    D:11: 308 daAuts
     D:9: 187 daAuts
     D:7: 168 daAuts
    D:10: 61 daAuts
